 Dungeon Crawl Stone Soup version 0.29-a0-330-g52719c12eb (webtiles) character file.

Game seed: 9879598264785374681

70 HoaS the Bolt Thrower (level 4, -2/26 HPs)
             Began as a Kobold Hunter on May 18, 2022.
             Slain by a phantom (3 damage)
             ... on level 4 of the Dungeon.
             The game lasted 00:03:29 (2627 turns).

HoaS the Bolt Thrower (Kobold Hunter)               Turns: 2627, Time: 00:03:29

Health: -2/26      AC:  6    Str:  8    XL:     4   Next: 45%
Magic:  4/4        EV: 13    Int: 10    God:
Gold:   193        SH:  5    Dex: 20    Spells: 3/3 levels left

rFire   . . .      SeeInvis .   a - +1 hand crossbow (chaos)
rCold   . . .      Faith    .   (no shield)
rNeg    . . .      Spirit   .   j - +0 ring mail
rPois   .          Reflect  +   (no helmet)
rElec   .          Harm     .   (no cloak)
rCorr   .          Rampage  .   n - +0 pair of gloves
Will    .....                   (no boots)
Stlth   ++........              d - amulet of reflection
HPRegen 0.08/turn               (no ring)
MPRegen 0.09/turn               (no ring)

@: no status effects
A: small, no large weapons, nightstalker 3
a: no special abilities


You were on level 4 of the Dungeon.
You visited 1 branch of the dungeon, and saw 4 of its levels.

You collected 193 gold pieces.

Inventory:

Hand Weapons
 a - a +1 hand crossbow of chaos (weapon)
Armour
 j - a +0 ring mail (worn)
 n - a +0 pair of gloves (worn)
Jewellery
 d - an amulet of reflection (around neck)
Wands
 o - a wand of charming (10)
Scrolls
 c - 2 scrolls of immolation
 g - 2 scrolls of teleportation
 i - 2 scrolls of fog
 k - a scroll of holy word
 m - a scroll of identify
Potions
 b - a potion of brilliance {unknown}
 e - a potion of cancellation
 f - 2 potions of might {unknown}
 h - a potion of heal wounds {unknown}
 l - a potion of haste {unknown}


   Skills:
 - Level 2.1 Fighting
 + Level 7.4 Crossbows
 - Level 2.4 Dodging
 - Level 1.3 Stealth


You had 3 spell levels left.
You didn't know any spells.
Your spell library contained the following spells:

 Spells                   Type           Power      Damage    Failure   Level
 Sting                    Tmut/Pois      0%         1d3       75%         1
 Blink                    Tloc           0%         N/A       87%         2
 Poisonous Vapours        Pois/Air       0%         N/A       87%         2
 Lesser Beckoning         Tloc           0%         N/A       98%         3
 Olgreb's Toxic Radiance  Pois           0%         N/A       100%        4
 Manifold Assault         Tloc           0%         N/A       100%        5


Dungeon Overview and Level Annotations

Branches:
Dungeon (4/15)             Temple (0/1) D:4

Altars:

Shops:
D:4 [


Innate Abilities, Weirdness & Mutations

You are small and have problems with some larger weapons.
You are completely attuned to the shadows.


Message History

Found a staircase to the Ecumenical Temple.
You now have 193 gold pieces (gained 16).
A kobold and a phantom come into view.
You shoot a bolt. The bolt hits the phantom!
The phantom seems to speed up.
The phantom is moderately damaged.
The phantom closely misses you. The phantom barely misses you.
You shoot a bolt. The bolt closely misses the phantom.
The phantom hits you. You block the phantom's attack.
You shoot a bolt. The bolt closely misses the phantom.
The phantom hits you but does no damage.
The phantom hits you.
The phantom blinks!
You blink.
You shoot a bolt. The bolt barely misses the phantom.
The phantom hits you. x2
You are too injured to fight recklessly!
You are too injured to fight recklessly!
The phantom attacks as you move away! You block the phantom's attack.
The phantom misses you. The phantom barely misses you.
The phantom attacks as you move away! The phantom hits you.
The phantom hits you but does no damage.
The phantom attacks as you move away! The phantom hits you.
The phantom barely misses you. The phantom attacks as you move away!
You block the phantom's attack. The phantom attacks as you move away!
The phantom closely misses you. The phantom hits you.
* * * LOW HITPOINT WARNING * * *
The phantom blinks!
You blink.
The phantom hits you.
* * * LOW HITPOINT WARNING * * *
You are too injured to fight recklessly!
You are too injured to fight recklessly!
You are too injured to fight recklessly!
You are too injured to fight recklessly!
Shoot: a) +1 hand crossbow (chaos)
Press: ? - help, Q - select action, (/) - cycle Shift-Dir - straight line, f/p - phantom
Aim: a phantom (lightly damaged, fast, 60% to hit)
You shoot a bolt. The bolt barely misses the phantom.
The phantom hits you.
* * * LOW HITPOINT WARNING * * *
The phantom blinks!
You blink.
The phantom hits you.
You die...

.....8>8..##
###.....
..........#
..#....#
#.#.#......#
#.......
.......##..#
..##....
##..##..#..#
...<..#
#..###....#
........
.....###...#
##..#.##
####......###
.#..#)# #..@....#
.#....# #...W..(#
...#.|######
#.§§....#
.###.......#
#####§### .#
##.#..#.## #.##
.#
#.##....######..#
.#
#..##.......###>#
.#
##.####.#....##.#
.#####.#
#......##.#


You could see a phantom (fast).

Vanquished Creatures
  3 adders
  A worm (D:2)
  An orc (D:3)
  4 endoplasms
  2 giant cockroaches (D:3)
  2 goblins
  5 hobgoblins
  4 kobolds
  2 quokkas
  3 ball pythons
  5 bats
  A frilled lizard (D:2)
  8 rats
41 creatures vanquished.

Notes
Turn   | Place    | Note
-------+----------+-------------------------------------------
     0 | D:1      | HoaS the Kobold Hunter began the quest for the Orb.
     0 | D:1      | Reached XP level 1. HP: 12/12 MP: 1/1
   915 | D:2      | Reached XP level 2. HP: 17/17 MP: 2/2
   946 | D:2      | Reached skill level 6 in Crossbows
   997 | D:2      | Noticed a golden eye
  1080 | D:2      | Noticed a shining eye
  1080 | D:2      | Noticed an eye of devastation
  1115 | D:2      | Found a faded altar of an unknown god.
  1115 | D:2      | Noticed a floating eye
  1331 | D:2      | Reached XP level 3. HP: 21/21 MP: 3/3
  1799 | D:2      | Reached skill level 7 in Crossbows
  1921 | D:3      | Reached XP level 4. HP: 26/26 MP: 4/4
  1981 | D:3      | Identified the +9 war axe of Uskayaw {venom, *Slow Fly rF++
                  | Stlth+}
  2498 | D:4      | Found Jirch's Armour Emporium.
  2606 | D:4      | Found a staircase to the Ecumenical Temple.
  2611 | D:4      | Noticed a phantom
  2627 | D:4      | HP: 1/26 [phantom (2)]
  2627 | D:4      | Slain by a phantom

Illustrated notes

Levels and vault maps discovered:
D:1:      dpeg_arrival_lava_temple_mockup, layout_basic
D:2:      layout_loops_corners, hellmonk_ecumenical_altar_watching_god
D:3:      layout_loops_ring, item_on_display_a
D:4:      layout_rooms, temple_statues, serial_shops, nicolae_shop_waterfront,
          uniq_crazy_yiuf_cottage

Skill      XL: |  1  2  3 |
---------------+----------+-----
Crossbows      | 6 7 |  7.4
Fighting       | |  2.1
Dodging        | |  2.4
Stealth        | |  1.3

Action                   |  1- 3 |  4- 6 || total
-------------------------+-------+-------++-------
 Fire: Hand crossbow     |    62 |    25 ||    87
  Use: Scroll            |     4 |     4 ||     8
Armor: Leather armour    |     4 |       ||     4
       Ring mail         |       |     3 ||     3
Dodge: Dodged            |     7 |     6 ||    13
Block: Other             |       |     4 ||     4

Table legend: (Time is in decaauts)
 A = Elapsed time spent in this place.
 B = Non-inter-level travel time spent in this place.
 C = Inter-level travel time spent in this place.
 D = Time resting spent in this place.
 E = Time spent auto-exploring this place.
 F = Levels seen in this place.
 G = Mean time per level.
                   A        B        C        D        E       F      G
               +--------+--------+--------+--------+--------+-----+--------+
         Total |   2648 |   2552 |     96 |      0 |   2289 |   4 |  662.0 |
       Dungeon |   2648 |   2552 |     96 |      0 |   2289 |   4 |  662.0 |
               +--------+--------+--------+--------+--------+-----+--------+

Top non-repeatable levels by time:
     D:2: 965 daAuts
     D:1: 909 daAuts
     D:3: 624 daAuts
     D:4: 149 daAuts
